 Dungeon Crawl Stone Soup version 0.31-a0-691-g409c26aa35 (webtiles) character file.

Game seed: 17804705316221396315

283 cforsyth the Trooper (level 6, -10/49 HPs)
             Began as a Djinni Chaos Knight on Sept 7, 2023.
             Was a Plaything of Xom.
             Mangled by a gnoll
             ... wielding a +0 halberd
              (13 damage)
             ... on level 4 of the Dungeon.
             The game lasted 00:06:02 (2578 turns).

cforsyth the Trooper (Djinni Chaos Knight)          Turns: 2578, Time: 00:06:03

Health: -10/49     AC:  4    Str: 16 (17) XL:     6   Next: 54%
Gold:   123        EV: 12    Int: 16      God:    Xom [.*....] SH:  0 Dex: 12

rFire   + + .        a - +0 falchion (chaos)
rCold   x . .        (no shield)
rNeg    . . .        b - +3 leather armour
rPois   ∞            (helmet restricted)
rElec   .            (no cloak)
rCorr   .            (no gloves)
SInv    .            (boots unavailable)
Will    .....        (no amulet)
Stlth   +            m - +6 ring of strength
HPRegen 0.28/turn    (no ring)
MPRegen 0.00/turn

%: infuse magic (-11 HP)
@: flying
A: sickness immunity, fire resistance 2, cold vulnerability 1, float, innate
caster, HP casting, extra vitality 1, horns 1, deformed body, sturdy frame 1
a: Renounce Religion


You were on level 4 of the Dungeon.
You worshipped Xom.
You were a plaything of Xom.
You visited 1 branch of the dungeon, and saw 4 of its levels.

You collected 123 gold pieces.

Inventory:

Hand Weapons
 a - a +0 falchion of chaos (weapon)
Armour
 b - a +3 leather armour (worn)
Jewellery
 m - a +6 ring of strength (left hand)
Scrolls
 d - 4 scrolls of teleportation
 j - a scroll of enchant armour
Potions
 g - a potion of lignification {unknown}
 h - a potion of haste {unknown}
 l - a potion of cancellation {unknown}
 o - 2 potions of enlightenment


   Skills:
 + Level 5.2 Fighting
 - Level 2.6 Long Blades
 - Level 1.0 Armour
 - Level 2.1 Dodging
 + Level 3.0 Spellcasting
 + Level 3.0 Conjurations
 + Level 3.0 Hexes
   Level 0.0 Charms
 + Level 3.0 Summonings
 + Level 3.0 Necromancy
 + Level 3.0 Translocations
 + Level 3.0 Transmutations
 + Level 3.0 Fire Magic
 + Level 3.0 Ice Magic
 + Level 3.0 Air Magic
 + Level 3.0 Earth Magic
 + Level 3.0 Poison Magic


You knew the following spells:

 Your Spells              Type           Power      Damage    Failure   Level
a - Foxfire               Conj/Fire      48%        2x1d6     5%          1
b - Blink                 Tloc           24%        N/A       9%          2
Your spell library was empty.

Dungeon Overview and Level Annotations

Branches:
Dungeon (4/15)
 Temple: D:4-7

Altars:


Innate Abilities, Weirdness & Mutations

You are immune to sickness and miasma.
You are immune to poison.
Your flesh is very heat resistant. (rF++)
You are vulnerable to cold. (rC-)
You float through the air rather than walking.
You learn spells naturally, not from books.
Your magical power is your life essence.
You have superior vitality. (+4 MHP)
You have a pair of small horns on your head.
Armour fits poorly on your strangely shaped body.
Your movements are slightly less encumbered by armour. (ER -2)


Message History

Casting: Foxfire (safe; 5% risk of failure)
Confirm with . or Enter, or press ? or * to list all spells.
You conjure some foxfire!
The foxfire hits the orc priest but does no damage.
The foxfire hits the orc priest.
The orc priest is lightly wounded.
A gnoll comes into view. It is wielding a +0 halberd.
The gnoll shouts!
The orc priest invokes the aid of Beogh against you.
Pain shoots through your body!
You hit the orc priest.
The orc priest is heavily wounded.
The orc priest miscasts a cantrip.
A gnoll comes into view. It is wielding a +0 halberd.
The gnoll shouts!
You hit the orc priest. You burn the orc priest.
The orc priest is severely wounded.
You hear a shout!
The orc priest mumbles some strange prayers to Beogh against you.
Pain shoots through your body!
* * * LOW HITPOINT WARNING * * *
You barely miss the orc priest.
The orc priest is severely wounded.
The orc priest barely misses you.
You barely miss the orc priest.
The orc priest is severely wounded.
The orc priest calls down the wrath of Beogh upon you.
Beogh smites you!
* * * LOW HITPOINT WARNING * * *
You hit the orc priest but do no damage.
You headbutt the orc priest.
The orc priest is severely wounded. "Over there now!"
The phantom blinks!
The gnoll blinks!
The orc priest hits you but does no damage.
The phantom barely misses you. The gnoll closely misses you.
The orc priest barely misses you.
The gnoll hits you from afar with a +0 halberd!
You die...
Xom snickers!

#.###.##
#...<.....#
##.#...#
#$...:>....#
##.#
.............##
#.#
####...####..#
#.# ....§. .#
#.# #####.# ).
#.# #g# #
#.#########o#
#.........W@#
###########g#
#.# #.# #.# #.♣
#.. ##♣


You could see a phantom, an orc priest and 2 gnolls.

Vanquished Creatures
  A hound (D:4)
  An orc priest (D:4)
  An orc wizard (D:4)
  An iguana (D:4)
  2 sleepcaps (D:2)
  A gnoll (D:1)
  2 adders
  2 worms
  2 dart slugs
  5 orcs (D:4)
  3 endoplasms
  2 giant cockroaches
  9 goblins
  7 hobgoblins
  4 jackals (D:1)
  11 kobolds
  5 quokkas
  4 ball pythons
  4 bats
  2 frilled lizards
  4 rats
73 creatures vanquished.

Vanquished Creatures (others)
  86 foxfires
86 creatures vanquished.

Grand Total: 159 creatures vanquished

Notes
Turn   | Place    | Note
-------+----------+-------------------------------------------
     0 | D:1      | cforsyth the Djinni Chaos Knight began the quest for the
                  | Orb.
     0 | D:1      | Reached XP level 1. HP: 20/20 MP: 0/0
    52 | D:1      | XOM: potion effect (brilliance)
    56 | D:1      | Reached XP level 2. HP: 25/25 MP: 0/0
   151 | D:1      | Reached skill level 1 in Spellcasting
   151 | D:1      | Reached skill level 1 in Conjurations
   151 | D:1      | Reached skill level 1 in Hexes
   151 | D:1      | Reached skill level 1 in Summonings
   151 | D:1      | Reached skill level 1 in Necromancy
   151 | D:1      | Reached skill level 1 in Translocations
   151 | D:1      | Reached skill level 1 in Transmutations
   151 | D:1      | Reached skill level 1 in Fire Magic
   151 | D:1      | Reached skill level 1 in Ice Magic
   151 | D:1      | Reached skill level 1 in Air Magic
   151 | D:1      | Reached skill level 1 in Earth Magic
   151 | D:1      | Reached skill level 1 in Poison Magic
   182 | D:1      | Reached XP level 3. HP: 27/30 MP: 0/0
   182 | D:1      | Learned a level 1 spell: Foxfire
   361 | D:1      | XOM: divination: magic mapping
   441 | D:1      | XOM: silly message
   460 | D:1      | XOM: silly message
   483 | D:1      | XOM: divination: detect creatures
   797 | D:2      | Reached XP level 4. HP: 37/37 MP: 0/0
   798 | D:2      | XOM: silly message
   810 | D:2      | XOM: silly message
   862 | D:2      | XOM: 2-stop teleportation journey
   880 | D:2      | Reached skill level 4 in Fighting
  1226 | D:2      | Reached XP level 5. HP: 41/41 MP: 0/0
  1226 | D:2      | Learned a level 2 spell: Blink
  1248 | D:2      | Found a faded altar of an unknown god.
  1423 | D:2      | XOM: draining
  1839 | D:3      | XOM: smoke on damage
  2093 | D:3      | XOM: 8-stop teleportation journey
  2186 | D:3      | XOM: confusion (+ monsters)
  2384 | D:4      | Reached XP level 6. HP: 45/49 MP: 0/0
  2400 | D:4      | Reached skill level 5 in Fighting
  2412 | D:4      | HP: 1/49 [orc wizard/magic dart (5)]
  2428 | D:4      | HP: 2/49 [goblin/+0 dagger (3)]
  2441 | D:4      | Gained mutation: Armour fits poorly on your strangely
                  | shaped body. [potion of mutation]
  2441 | D:4      | Gained mutation: You have a pair of small horns on your
                  | head. [potion of mutation]
  2441 | D:4      | Gained mutation: Your movements are slightly less
                  | encumbered by armour. (ER -2) [potion of mutation]
  2509 | D:4      | Identified the +1 robe "Catotixi" {Harm rElec Will+ Str-4
                  | Stlth+}
  2544 | D:4      | XOM: stat loss: -1 Str (16/17)
  2578 | D:4      | XOM: blink monster(s)
  2578 | D:4      | Mangled by a gnoll

Illustrated notes

Levels and vault maps discovered:
D:1:      minmay_arrival_semitransparent, layout_loops_ring, feat_on_display
D:2:      layout_loops_corners, hellmonk_ecumenical_altar_pennies_from_heaven
D:3:      layout_rooms, overflow_temple_1_default
D:4:      layout_loops_ring, portal_sewer_entry_b, serial_shops, shop,
          serial_forest, infiniplex_forest_end_3, infiniplex_forest_lined_2,
          infiniplex_forest_clump_curved, infiniplex_forest_lined_ring,
          infiniplex_forest_lined_2, infiniplex_forest_lined_4_way, uniq_edmund,
          uniq_grinder

Skill      XL: |  1  2  3  4  5  6 |
---------------+-------------------+-----
Spellcasting   | 1 2 3 |  3.0
Conjurations   | 1 2 3 |  3.0
Hexes          | 1 2 3 |  3.0
Summonings     | 1 2 3 |  3.0
Necromancy     | 1 2 3 |  3.0
Translocations | 1 2 3 |  3.0
Transmutations | 1 2 3 |  3.0
Fire Magic     | 1 2 3 |  3.0
Ice Magic      | 1 2 3 |  3.0
Air Magic      | 1 2 3 |  3.0
Earth Magic    | 1 2 3 |  3.0
Poison Magic   | 1 2 3 |  3.0
Fighting       | 4 5 |  5.2
Long Blades    | |  2.6
Armour         | |  1.0
Dodging        | |  2.1

Action                     |  1- 3 |  4- 6 || total
---------------------------+-------+-------++-------
  Melee: Falchion          |    82 |   124 ||   206
         Punch             |     1 |       ||     1
         Headbutt          |       |     1 ||     1
   Cast: Foxfire           |       |    49 ||    49
         Blink             |       |     1 ||     1
    Use: Scroll            |       |     9 ||     9
         Potion            |       |     2 ||     2
   Stab: Sleeping          |     1 |       ||     1
 Armour: Leather armour    |    67 |    86 ||   153
  Dodge: Dodged            |    41 |    75 ||   116

Table legend: (Time is in decaauts)
 A = Elapsed time spent in this place.
 B = Non-inter-level travel time spent in this place.
 C = Inter-level travel time spent in this place.
 D = Time resting spent in this place.
 E = Time spent auto-exploring this place.
 F = Levels seen in this place.
 G = Mean time per level.
                   A        B        C        D        E       F      G
               +--------+--------+--------+--------+--------+-----+--------+
         Total |   2611 |   2498 |    113 |     53 |   1745 |   4 |  652.8 |
       Dungeon |   2611 |   2498 |    113 |     53 |   1745 |   4 |  652.8 |
               +--------+--------+--------+--------+--------+-----+--------+

Top non-repeatable levels by time:
     D:2: 1024 daAuts
     D:1: 781 daAuts
     D:3: 562 daAuts
     D:4: 242 daAuts
